 Dungeon Crawl Stone Soup version 0.18-a0-1577-gf591c28 (webtiles) character file.

19380 Sargon the Cleaver (level 13, -6/98 HPs)
             Began as a Formicid Monk on Mar 23, 2016.
             Was the Champion of Okawaru.
             Mangled by a skeletal warrior
             ... wielding a +0 flail
              (19 damage)
             ... on level 14 of the Dungeon.
             The game lasted 01:18:33 (15723 turns).

Sargon the Cleaver (Formicid Monk)                 Turns: 15723, Time: 01:18:33

Health: -6/98      AC: 18    Str: 21    XL:     13   Next: 4%
Magic:  14/14      EV:  7    Int: 15    God:    Okawaru [******]
Gold:   716        SH: 19    Dex: 21    Spells: 0 memorised, 12 levels left

rFire  . . .     SeeInvis +     S - +0 executioner's axe
rCold  + . .     Gourm    .     t - +0 plate armour
rNeg   + . .     Faith    .     G - +0 large shield
rPois  .         Spirit   .     (helmet unavailable)
rElec  .         Dismiss  .     w - +1 cloak
rCorr  .         Reflect  .     l - +2 pair of gloves
SustAt .         Harm     .     (no boots)
MR     +....                    (no amulet)
Stlth  ..........               F - +5 ring of dexterity
                                s - ring "Ufisa" {rC+ rN+ Str+5 Int+3}

@: somewhat resistant to hostile enchantments, extremely unstealthy
A: permanent stasis, dig shafts and tunnels, four strong arms, antennae 3
a: Dig, Shaft Self, Heroism, Finesse, Renounce Religion


You were on level 14 of the Dungeon.
You worshipped Okawaru.
Okawaru was exalted by your worship.
You were hungry.

You visited 2 branches of the dungeon, and saw 16 of its levels.

You collected 755 gold pieces.
You spent 39 gold pieces at shops.

Inventory:

Hand Weapons
 J - a +2 broad axe of flaming
 S - a +0 executioner's axe (weapon)
Missiles
 N - 3 poisoned javelins (quivered)
Armour
 l - a +2 pair of gloves (worn)
 t - a +0 plate armour (worn)
 w - a +1 cloak (worn)
 G - a +0 large shield (worn)
Jewellery
 s - the ring "Ufisa" (left hand) {rC+ rN+ Str+5 Int+3}
   (You found it on level 5 of the Dungeon)

   [ring of strength]

   It affects your strength (+5).
   It affects your intelligence (+3).
   It protects you from cold.
   It protects you from negative energy.
 F - a +5 ring of dexterity (right hand)
Wands
 c - a wand of paralysis (11/24)
 x - a wand of acid (15/15)
 C - a wand of iceblast (9/15)
 I - a wand of flame (15/48)
 K - a wand of lightning (8/15)
Scrolls
 e - 13 scrolls of identify
 m - 5 scrolls of fog
 p - 2 scrolls of recharging
 D - a scroll of enchant weapon
 M - 3 scrolls of fear
 W - a scroll of silence {unknown}
Potions
 a - 2 potions of flight
 j - 2 potions of curing
 u - 6 potions of brilliance {unknown}
 z - a potion of berserk rage {unknown}
 A - 2 potions of magic {unknown}
 B - a potion of invisibility {unknown}
 E - 2 potions of degeneration {unknown}
 H - a potion of mutation {unknown}
 O - a potion of heal wounds {unknown}
 R - a potion of might {unknown}
Books
 g - a book of Hinderance

   Spells                             Type                      Level
   a - Confusing Touch                Hexes                        2
   b - Confuse                        Hexes                        3
   c - Gell's Gravitas                Hexes/Translocation          3
   d - Petrify                        Transmutation/Earth          4
   e - Metabolic Englaciation         Hexes/Ice                    5
   f - Yara's Violent Unravelling     Hexes/Transmutation          5
 h - a book of the Earth

   Spells                             Type                      Level
   a - Leda's Liquefaction            Hexes/Earth                  4
   b - Bolt of Magma                  Conjuration/Fire/Earth       5
   c - Statue Form                    Transmutation/Earth          6
   d - Iron Shot                      Conjuration/Earth            6
   e - Shatter                        Earth                        9
 i - a book of Spatial Translocations

   Spells                             Type                      Level
   a - Apportation                    Translocation                1
   b - Blink                          Translocation                2
   c - Shroud of Golubria             Charms/Translocation         2
   d - Portal Projectile              Translocation                3
   e - Teleport Other                 Translocation                3
   f - Passage of Golubria            Translocation                4
 U - a book of Hinderance

   Spells                             Type                      Level
   a - Confusing Touch                Hexes                        2
   b - Confuse                        Hexes                        3
   c - Gell's Gravitas                Hexes/Translocation          3
   d - Petrify                        Transmutation/Earth          4
   e - Metabolic Englaciation         Hexes/Ice                    5
   f - Yara's Violent Unravelling     Hexes/Transmutation          5
Comestibles
 b - 5 bread rations
 d - 10 beef jerkies
 o - 10 fruits
 r - a meat ration
 L - 8 slices of pizza


   Skills:
 - Level 8.2 Fighting
 + Level 14.5 Axes
 - Level 6.0 Armour
 - Level 2.6 Dodging
 - Level 2.4 Stealth
 - Level 12.5 Shields
 - Level 4.0 Unarmed Combat
 - Level 2.0 Invocations


You had 12 spell levels left.
You didn't know any spells.

Dungeon Overview and Level Annotations

Branches:
Dungeon (15/15)            Temple (1/1) D:5            Lair (0/8) D:9
    Orc (0/2) D:11
 Vaults: D:13-14     Depths: D:15

Altars:
Ashenzari
Cheibriados
Dithmenos
Fedhas
Gozag
Makhleb
Nemelex Xobeh
Okawaru
Pakellas
Qazlal
Ru
Sif Muna
Trog
Xom
Yredelemnul
The Shining One

Shops:
D:11 %(

Annotations:
D:5 1 exclusion
D:13 Erolcha
D:14 Frances


Innate Abilities, Weirdness & Mutations

You are under a permanent stasis effect.
You can dig through walls and to a lower floor.
Your four strong arms can wield two-handed weapons with a shield.
You have a pair of large antennae on your head (SInv).


Message History

You completely miss the skeletal warrior.
The skeletal warrior is almost destroyed.
You block the skeletal warrior's attack.
You barely miss the skeletal warrior.
The skeletal warrior is almost destroyed.
You block the skeletal warrior's attack.
Your plate armour prevents you from hitting the skeletal warrior.
The skeletal warrior is almost destroyed.
The skeletal warrior hits you with a flail.
* * * LOW HITPOINT WARNING * * *
The skeletal warrior hits you with a flail.
* * * LOW HITPOINT WARNING * * *
Your plate armour prevents you from hitting the skeletal warrior.
The skeletal warrior is almost destroyed.
The skeletal warrior hits you with a flail.
* * * LOW HITPOINT WARNING * * *
You hit the skeletal warrior but do no damage.
The skeletal warrior is almost destroyed.
The skeletal warrior hits you with a flail!!
You die...

>.# #.# #.# .#
#.# .#
..C...#.##.#####
.....
.....§R...÷>#
##.#
.#.########.#
...# § ####.#
...# #.z@.# [..#
#.#### <..#
#.#..# ......
#....# ..###'
###.## ..... .
#.# ...... ...
#.# ......
.....####.##
......
.......((..#


You could see a skeletal warrior.

Vanquished Creatures
  2 centaur warriors
  2 tengu warriors (D:14)
  A skeletal warrior (D:14)
  2 unseen horrors
  A deep elf mage (D:12)
  2 ugly things (D:11)
  A cyclops (D:14)
  3 centaur zombies
  Maurice (D:11)
  An efreet (D:14)
  A kobold demonologist (D:11)
  4 trolls
  Grinder (D:4)
  3 two-headed ogres
  A slime creature (D:14)
  A vampire (D:11)
  14 yaks
  A wraith (D:14)
  4 wyverns
  A steam dragon (D:10)
  2 hippogriffs
  A human (D:8)
  2 hungry ghosts
  A soldier ant (D:10)
  5 water moccasins
  7 orc warriors
  A black bear (D:6)
  3 ice beasts
  4 sky beasts
  A necrophage (D:11)
  2 phantoms
  6 ogres
  5 centaurs
  2 crocodiles
  3 big kobolds
  3 giant frogs
  A gnoll sergeant (D:9)
  2 water moccasin zombies
  5 scorpions
  7 wights (D:6)
  3 howler monkeys
  6 crimson imps
  A quasit (D:10)
  2 giant frog zombies
  6 hounds
  5 jellies
  A centaur skeleton (D:4)
  7 orc priests
  16 orc wizards
  Jessica (D:2)
  5 iguanas
  8 worker ants
  5 sheep
  A hound skeleton (D:4)
  A worker ant zombie (D:5)
  A howler monkey zombie (D:5)
  17 adders
  8 gnolls
  4 shadow imps
  2 oozes
  2 adder zombies
  An adder skeleton (D:10)
  4 worms
  2 dart slugs (D:1)
  9 giant geckos
  43 orcs
  A ball python (D:3)
  4 bats
  3 giant cockroaches
  5 hobgoblins
  12 jackals
  20 kobolds
  4 quokkas
  3 giant newts
  2 quokka skeletons
  7 rats
332 creatures vanquished.

Vanquished Creatures (others)
  2 slime creatures (D:14)
2 creatures vanquished.

Grand Total: 334 creatures vanquished

Notes
Turn   | Place    | Note
--------------------------------------------------------------
     0 | D:1      | Sargon the Formicid Monk began the quest for the Orb.
     0 | D:1      | Reached XP level 1. HP: 18/18 MP: 1/1
   201 | D:1      | Reached skill level 1 in Axes
   201 | D:1      | Reached XP level 2. HP: 24/24 MP: 2/2
   937 | D:2      | Reached skill level 2 in Axes
   937 | D:2      | Reached XP level 3. HP: 21/29 MP: 3/3
  1289 | D:2      | Reached skill level 3 in Axes
  1323 | D:2      | Reached XP level 4. HP: 35/35 MP: 4/4
  1334 | D:2      | Noticed Jessica
  1339 | D:2      | Killed Jessica
  1472 | D:3      | Found a glowing golden altar of the Shining One.
  1786 | D:3      | Reached skill level 4 in Axes
  1786 | D:3      | Reached XP level 5. HP: 41/41 MP: 5/5
  2468 | D:3      | Found a blossoming altar of Fedhas.
  2762 | D:4      | Reached skill level 5 in Axes
  2795 | D:4      | Reached XP level 6. HP: 42/47 MP: 6/6
  3157 | D:4      | Noticed Grinder
  3193 | D:4      | Killed Grinder
  3193 | D:4      | Reached skill level 7 in Axes
  3193 | D:4      | Reached XP level 7. HP: 4/52 MP: 7/7
  3718 | D:5      | Entered Level 5 of the Dungeon
  4318 | D:5      | Found a staircase to the Ecumenical Temple.
  4329 | Temple   | Entered the Ecumenical Temple
  4344 | Temple   | Became a worshipper of Warmaster Okawaru
  4344 | Temple   | Reached * piety under Okawaru
  4344 | Temple   | Reached ** piety under Okawaru
  4456 | D:5      | Reached skill level 8 in Axes
  4456 | D:5      | Reached XP level 8. HP: 44/58 MP: 8/8
  4644 | D:5      | Got a slimy ivory ring
  4686 | D:5      | Identified the ring "Ufisa" {rC+ rN+ Str+5 Int+3} (You found it on level 5 of the Dungeon)
  4937 | D:5      | Found an opulent altar of Gozag.
  5329 | D:5      | Reached skill level 9 in Axes
  5910 | D:6      | You fall through a shaft!
  6203 | D:7      | Reached *** piety under Okawaru
  6203 | D:7      | Reached XP level 9. HP: 43/64 MP: 9/9
  6343 | D:7      | Reached skill level 10 in Axes
  6733 | D:7      | Found an oddly glowing altar of Pakellas.
  7033 | D:7      | Reached skill level 11 in Axes
  7257 | D:6      | You fall through a shaft!
  7465 | D:6      | You fall through a shaft!
  8007 | D:7      | Reached **** piety under Okawaru
  8055 | D:6      | Reached skill level 5 in Shields
  8261 | D:6      | Reached XP level 10. HP: 60/70 MP: 10/10
  8827 | D:6      | You fall through a shaft for 2 floors!
  8827 | D:8      | Found a shimmering altar of Xom.
  9184 | D:8      | Reached ***** piety under Okawaru
  9191 | D:8      | Reached skill level 10 in Shields
  9213 | D:8      | Found a shadowy altar of Dithmenos.
  9744 | D:9      | Found a shimmering altar of Xom.
  9973 | D:9      | Received a gift from Okawaru
  9976 | D:9      | Got a polished broad axe {god gift}
  9977 | D:9      | Identified the +2 broad axe of Peril {chop, rN+} (Okawaru gifted it to you on level 9 of the Dungeon)
 10244 | D:9      | Found a basalt altar of Yredelemnul.
 10244 | D:9      | Found a snail-covered altar of Cheibriados.
 10350 | D:9      | Noticed a centaur warrior
 10371 | D:9      | Killed a centaur warrior
 10371 | D:9      | Reached XP level 11. HP: 34/75 MP: 11/11
 10620 | D:9      | Found a staircase to the Lair.
 11046 | D:10     | Entered Level 10 of the Dungeon
 11215 | D:10     | Reached skill level 5 in Armour
 11307 | D:10     | Received a gift from Okawaru
 12174 | D:11     | Reached skill level 1 in Invocations
 12176 | D:11     | Noticed a white ugly thing
 12192 | D:11     | You fall through a shaft!
 12576 | D:12     | Received a gift from Okawaru
 12589 | D:12     | Reached skill level 5 in Fighting
 12660 | D:12     | Noticed a hill giant
 12670 | D:11     | Found Fuogiom's Antique Weapon Emporium.
 12686 | D:11     | Found Icleam's Antique Armour Emporium.
 12791 | D:11     | Noticed Maurice
 12806 | D:11     | Killed Maurice
 12821 | D:11     | Found a staircase to the Orcish Mines.
 13026 | D:11     | Found Duumuik's Food Shop.
 13029 | D:11     | Bought 2 fruits for 39 gold pieces
 13093 | D:11     | Reached XP level 12. HP: 90/92 MP: 13/13
 13567 | D:12     | Received a gift from Okawaru
 13570 | D:12     | Got a dazzling broad axe {god gift}
 13571 | D:12     | Identified the +2 broad axe of Balance {freeze, rC- rN+ Int-5 Dex+7} (Okawaru gifted it to you on level 12 of the Dungeon)
 13617 | D:12     | Reached skill level 12 in Axes
 13708 | D:12     | You fall through a shaft for 3 floors!
 13708 | D:15     | Entered Level 15 of the Dungeon
 14047 | D:13     | Noticed Erolcha
 14238 | D:14     | Noticed an unseen horror
 14244 | D:14     | Killed an unseen horror
 14283 | D:14     | HP: 4/93 [efreet/bolt of fire (26)]
 14284 | D:14     | You fall through a shaft!
 14284 | D:15     | Noticed an unseen horror
 14295 | D:15     | Killed an unseen horror
 14295 | D:15     | Received a gift from Okawaru
 14295 | D:15     | Reached ****** piety under Okawaru
 14295 | D:15     | Reached skill level 13 in Axes
 15098 | D:14     | Noticed a tengu warrior
 15102 | D:14     | Noticed a tengu warrior
 15118 | D:14     | Killed a tengu warrior
 15137 | D:14     | Killed a tengu warrior
 15137 | D:14     | Reached skill level 14 in Axes
 15144 | D:14     | Noticed a centaur warrior
 15180 | D:14     | HP: 1/93 [cyclops/large rock (28)]
 15181 | D:14     | You fall through a shaft!
 15558 | D:14     | Noticed Frances
 15578 | D:14     | Killed a centaur warrior
 15685 | D:14     | Reached XP level 13. HP: 68/98 MP: 14/14
 15711 | D:14     | Received a gift from Okawaru
 15723 | D:14     | Mangled by a skeletal warrior

Vault maps used:
D:1:      dpeg_arrival_castle, minmay_misc_feat_five
D:2:      uniq_jessica
D:3:      lemuel_crystal_altar, fedhas_altar_fruit_tree, first_bread
D:4:      uniq_grinder
D:5:      nicolae_gozag_cash_rules_everything_around_me,
          minmay_temple_entry_glass
D:6:      minivault_1
D:7:      grunt_pakellas_basics
D:8:      overflow_temple_1_default, grunt_livestock, xom_teletrap_fun
D:9:      wad_crossroads, kennysheep_little_box, gammafunk_temple_overflow_wave,
          lair_0_dummy, serial_column_ruins, column_ruins_hut,
          column_ruins_open_large, column_ruins_open_tiny,
          column_ruins_open_large, column_ruins_columns_straight,
          column_ruins_open_medium
D:11:     orc_0_dummy, serial_shops, nicolae_shop_stone, kennysheep_mini_moat,
          shop, uniq_maurice
D:12:     minivault_16
D:13:     hangedman_vaults_entry_quadrant_bands, uniq_sonja, uniq_erolcha
D:14:     small_statue_alley_a, grunt_ministairs_3, kennysheep_generic_room_11,
          uniq_frances
D:15:     hangedman_depths_entry_try_elsewhere_first, grunt_decor_arrowhead,
          serial_shops, shop, uniq_azrael
Temple:   chequers_temple_sunken_temple

Skill      XL: |  1  2  3  4  5  6  7  8  9 10 11 12 |
---------------+-------------------------------------+-----
Axes           | 1 2 3 4 5 7 8 9 11 14 | 14.5
Shields        | 3 6 12 | 12.5
Armour         | 6 |  6.0
Invocations    | 2 |  2.0
Fighting       | 7 8 |  8.2
Dodging        | |  2.6
Stealth        | |  2.4
Unarmed Combat | |  4.0

Action                   |  1- 3 |  4- 6 |  7- 9 | 10-12 | 13-15 || total
-------------------------+-------+-------+-------+-------+-------++-------
Melee: Hand axe          |    78 |   273 |   584 |       |       ||   935
       Unarmed           |     6 |       |       |       |       ||     6
       War axe           |       |       |    64 |    73 |       ||   137
       Battleaxe         |       |       |       |   127 |       ||   127
       Broad axe         |       |       |       |   397 |       ||   397
       Executioner's axe |       |       |       |   172 |    18 ||   190
Invok: Heroism           |       |       |     4 |     1 |       ||     5
 Abil: Shaft Self        |       |       |     3 |     5 |       ||     8
       Dig               |       |       |       |     1 |       ||     1
  Use: Scroll            |       |       |     7 |    12 |       ||    19
       Potion            |       |       |     6 |     3 |     1 ||    10
 Stab: Sleeping          |     1 |       |     1 |       |       ||     2
  Eat: Chunk             |     1 |     7 |    20 |    22 |       ||    50
       Meat ration       |       |       |     3 |     1 |       ||     4
       Pizza             |       |       |     1 |       |       ||     1
       Royal jelly       |       |       |       |     1 |       ||     1
